 Dungeon Crawl Stone Soup version 0.27-a0-1595-g0b823d0a13 (webtiles) character file.

Game seed: 4546025498173042991

177 DocSulfur the Chucker (level 5, 0/54 HPs)
             Began as a Troll Hunter on July 20, 2021.
             Slain by Grinder (1 damage)
             ... on level 4 of the Dungeon.
             The game lasted 00:06:30 (1255 turns).

DocSulfur the Chucker (Troll Hunter)                Turns: 1255, Time: 00:06:31

Health: 0/54       AC:  4    Str: 21    XL:     5   Next: 31%
Magic:  4/4        EV: 10    Int:  5    God:
Gold:   123        SH:  0    Dex: 12    Spells: 4/4 levels left

rFire    . . .     SeeInvis .   (no weapon)
rCold    . . .     Faith    .   (no shield)
rNeg     . . .     Spirit   .   b - +0 robe
rPois    .         Reflect  .   (helmet restricted)
rElec    .         Harm     .   (no cloak)
rCorr    .         Rampage  .   (gloves unavailable)
Will     .....                  (boots unavailable)
Stlth    +.........             (no amulet)
HPRegen  1.18/turn              (no ring)
MPRegen  0.09/turn              (no ring)

@: no status effects
A: large, unfitting armour, claws 3, regeneration 1, shaggy fur 1, tough skin 1,
antennae 1, agile 1, dopey 1, screaming 1
a: no special abilities


You were on level 4 of the Dungeon.
You visited 1 branch of the dungeon, and saw 4 of its levels.

You collected 123 gold pieces.

Inventory:

Missiles
 c - a large rock (quivered)
 d - 3 throwing nets
Armour
 b - a +0 robe (worn)
Jewellery
 h - a ring of resist corrosion
Scrolls
 a - 2 scrolls of teleportation {unknown}
 e - a scroll of enchant armour {unknown}
 i - a scroll of magic mapping {unknown}
 l - a scroll of noise {unknown}
 m - a scroll of enchant weapon {unknown}
Potions
 f - a potion of berserk rage {unknown}
 g - a potion of heal wounds {unknown}
 j - 3 potions of flight {unknown}
 k - a potion of degeneration {unknown}
 n - a potion of brilliance {unknown}


   Skills:
 * Level 3.9 Fighting
 + Level 4.5 Throwing
 - Level 1.5 Dodging
 - Level 0.3 Stealth


You had 4 spell levels left.
You didn't know any spells.
Your spell library was empty.

Dungeon Overview and Level Annotations

Branches:
Dungeon (4/15)
 Temple: D:4-7

Altars:
Dithmenos
Fedhas
Vehumet
Xom

Annotations:
D:4 Grinder


Innate Abilities, Weirdness & Mutations

You are too large for most types of armour.
You have claws for hands.
Your natural rate of healing is unusually fast.
You are covered in fur. (AC +1)
You have tough skin. (AC +1)
You have a pair of small antennae on your head.
You are agile. (Dex +2)
You are dopey. (Int -2)
You occasionally shout uncontrollably at your foes.


Message History

You barely miss Grinder.
Grinder is lightly wounded.
Grinder hits you but does no damage.
You closely miss Grinder.
Grinder is lightly wounded.
Grinder barely misses you.
You claw Grinder!
Grinder is moderately wounded.
Grinder hits you!
You scratch Grinder.
Grinder is heavily wounded.
Grinder hits you.
You writhe in agony.
You barely miss Grinder.
Grinder is heavily wounded.
Grinder gestures at you. Pain shoots through your body!
Throw: 2 large rocks
Press: ? - help, Q - select action, (/) - cycle Shift-Dir - straight line, f/p - Grinder
Aim: Grinder (heavily wounded, 57% to hit)
You throw a large rock. The large rock hits Grinder!
Grinder is severely wounded.
Grinder hits you. x2; You writhe in agony.
You barely miss Grinder.
Grinder is severely wounded.
Grinder hits you.
You barely miss Grinder.
Grinder is severely wounded.
Grinder hits you but does no damage.
You scratch Grinder.
Grinder is severely wounded.
Grinder hits you!
* * * LOW HITPOINT WARNING * * *
You writhe in agony.
* * * LOW HITPOINT WARNING * * *
You claw Grinder!
Grinder is almost dead.
Grinder hits you!
* * * LOW HITPOINT WARNING * * *
You writhe in agony.
You die...

#.# .....
#...##.##.
#....#(#. #..#.....
#..##(..##
##....._.. .#
....##...##..
#..#.....#.# #...
#@# ..#
#...##5##..#
#...!....#
##.......#
##........###
#.#####...)........
#........).(..#####
#.#####..######
#..#


You could see Grinder.

Vanquished Creatures
  An ogre (D:4)
  An orc wizard (D:3)
  2 adders
  2 dart slugs
  9 orcs (D:3)
  4 bats
  2 endoplasms
  2 giant cockroaches
  A goblin (D:4)
  2 hobgoblins
  2 jackals (D:3)
  5 quokkas
  A ball python (D:4)
  A frilled lizard (D:1)
  3 kobolds
  2 rats (D:3)
40 creatures vanquished.

Notes
Turn   | Place    | Note
-------+----------+-------------------------------------------
     0 | D:1      | DocSulfur the Troll Hunter began the quest for the Orb.
     0 | D:1      | Reached XP level 1. HP: 19/19 MP: 0/0
   123 | D:1      | Reached XP level 2. HP: 27/28 MP: 1/1
   411 | D:3      | Reached XP level 3. HP: 36/36 MP: 2/2
   493 | D:3      | Reached skill level 4 in Throwing
   513 | D:3      | Found a faded altar of an unknown god.
   534 | D:3      | Became a worshipper of Xom of Chaos
   554 | D:3      | XOM: silly message
   563 | D:3      | XOM: summons 2 hostile shadow creatures
   585 | D:3      | Fell from the grace of Xom
   644 | D:3      | Found a blossoming altar of Fedhas.
   718 | D:3      | XOM: give mutations
   718 | D:3      | Gained mutation: You are dopey. (Int -2) [Xom's mischief]
   718 | D:3      | Gained mutation: You occasionally shout uncontrollably at
                  | your foes. [Xom's mischief]
   718 | D:3      | Gained mutation: You are agile. (Dex +2) [Xom's mischief]
   719 | D:3      | Reached XP level 4. HP: 39/45 MP: 3/3
   728 | D:3      | Found a shadowy altar of Dithmenos.
   781 | D:4      | XOM: give mutation
   781 | D:4      | Gained mutation: You have a pair of small antennae on your
                  | head. [Xom's mischief]
   818 | D:4      | Found a radiant altar of Vehumet.
   818 | D:4      | Noticed Grinder
   838 | D:4      | Noticed a necrophage
  1191 | D:4      | Noticed an ogre
  1198 | D:4      | XOM: swap monsters
  1212 | D:4      | Killed an ogre
  1213 | D:4      | Reached XP level 5. HP: 40/54 MP: 4/4
  1255 | D:4      | HP: 1/54 [Grinder (8)]
  1255 | D:4      | Slain by Grinder

Illustrated notes

Levels and vault maps discovered:
D:1:      minmay_arrival_radiant_lines, layout_basic, minmay_door_square,
          due_unseen_surprise
D:2:      layout_basic, basic_altar, uniq_robin, uniq_terence
D:3:      layout_rooms, fedhas_altar_fruit_tree, nicolae_dithmenos_the_darkroom,
          ebering_ecumenical_altar_rust, solitary_fountain
D:4:      layout_loops_ring, old_standard_altar,
          mainiacjoe_overflow_small_starburst, st_stairs_11, uniq_grinder

Skill      XL: |  1  2  3 |
---------------+----------+-----
Fighting       | 2 3 |  3.9
Throwing       | 4 |  4.5
Dodging        | |  1.5
Stealth        | |  0.3

Action                   |  1- 3 |  4- 6 || total
-------------------------+-------+-------++-------
Melee: Unarmed           |   120 |    44 ||   164
Throw: Large rock        |       |     6 ||     6
Invok: Renounce Religion |     1 |       ||     1
 Stab: Confused          |       |     1 ||     1
Armor: Robe              |    51 |    13 ||    64
Dodge: Dodged            |    48 |    27 ||    75

Table legend: (Time is in decaauts)
 A = Elapsed time spent in this place.
 B = Non-inter-level travel time spent in this place.
 C = Inter-level travel time spent in this place.
 D = Time resting spent in this place.
 E = Time spent auto-exploring this place.
 F = Levels seen in this place.
 G = Mean time per level.
                   A        B        C        D        E       F      G
               +--------+--------+--------+--------+--------+-----+--------+
         Total |   1260 |   1184 |     76 |      0 |    289 |   4 |  315.0 |
       Dungeon |   1260 |   1184 |     76 |      0 |    289 |   4 |  315.0 |
               +--------+--------+--------+--------+--------+-----+--------+

Top non-repeatable levels by time:
     D:3: 662 daAuts
     D:2: 234 daAuts
     D:4: 197 daAuts
     D:1: 165 daAuts
